 Dungeon Crawl Stone Soup version 0.28.0-55-gcd9437bce4 (webtiles) character file.

Game seed: 5222206034293604890

86 hikkokomori the Shield-Bearer (level 4, 0/42 HPs)
             Began as a Deep Dwarf Fighter on Dec 25, 2022.
             Killed from afar by Natasha (2 damage)
             ... with a magic dart
             ... on level 2 of the Dungeon.
             The game lasted 00:03:37 (1411 turns).

hikkokomori the Shield-Bearer (Deep Dwarf Fighter)  Turns: 1411, Time: 00:03:37

Health: 0/42       AC:  8    Str: 21    XL:     4   Next: 27%
Magic:  4/4        EV:  9    Int:  9    God:
Gold:   35         SH:  5    Dex: 12    Spells: 3/3 levels left

rFire   . . .      SeeInvis .   a - +0 war axe
rCold   . . .      Faith    .   c - +0 buckler
rNeg    . . .      Spirit   .   b - +0 scale mail
rPois   .          Reflect  .   k - +0 helmet
rElec   .          Harm     .   (no cloak)
rCorr   .          Rampage  .   (no gloves)
Will    .....                   (no boots)
Stlth   +.........              (no amulet)
HPRegen 0.00/turn               (no ring)
MPRegen 0.09/turn               (no ring)

@: slowed, very slow
A: damage resistance, heal wounds, sense surroundings 1, no regeneration
a: Heal Wounds


You were on level 2 of the Dungeon.
You visited 1 branch of the dungeon, and saw 2 of its levels.

You collected 35 gold pieces.

Inventory:

Hand Weapons
 a - a +0 war axe (weapon)
 e - a +0 longbow
Armour
 b - a +0 scale mail (worn)
 c - a +0 buckler (worn)
 k - a +0 helmet (worn)
Scrolls
 f - a scroll of silence {unknown}
 g - a scroll of immolation {unknown}
 h - a scroll of identify {unknown}
 i - a scroll of brand weapon {unknown}
 j - a scroll of teleportation {unknown}
Potions
 d - a potion of might


   Skills:
 + Level 3.3 Fighting
 + Level 3.2 Axes
 - Level 3.2 Armour
 - Level 2.2 Stealth
 + Level 4.0 Shields


You had 3 spell levels left.
You didn't know any spells.
Your spell library contained the following spells:

 Spells                   Type           Power      Damage    Failure   Level
 Shock                    Conj/Air       0%         1d3       82%         1


Dungeon Overview and Level Annotations

Branches:
Dungeon (2/15)

Altars:

Annotations:
D:2 Natasha


Innate Abilities, Weirdness & Mutations

You are resistant to damage.
You can heal yourself by infusing magical energy.
You passively map a small area around you.
You do not regenerate.


Message History

The crimson imp hits you but does no damage.
You block Natasha's attack.
The crimson imp hits you but does no damage.
You barely miss Natasha.
Natasha is severely wounded.
You hit the crimson imp but do no damage.
Natasha closely misses you.
The crimson imp blinks!
Natasha mumbles some strange words.
Unknown command.
You closely miss Natasha.
Natasha is severely wounded.
You completely miss the crimson imp.
The crimson imp hits you but does no damage.
Natasha stares at you and mumbles some strange words.
The magic dart hits you.
* * * LOW HITPOINT WARNING * * *
The crimson imp hits you but does no damage.
The crimson imp blinks!
Natasha claws you.
* * * LOW HITPOINT WARNING * * *
The crimson imp barely misses you.
Unknown command.
You barely miss Natasha.
Natasha is severely wounded.
You hit the crimson imp.
The crimson imp disappears in a puff of smoke!
Natasha claws you but does no damage. Natasha barely misses you.
Unknown command.
You closely miss Natasha.
Natasha is severely wounded.
Natasha casts a spell at you. You resist with some effort.
Natasha casts a spell.
Unknown command.
You barely miss Natasha.
Natasha is severely wounded.
You barely miss the crimson imp.
The crimson imp hits you but does no damage.
Natasha stares at you and mumbles some strange words.
The magic dart hits you.
You die...

,....S.#.# # , *
#..K...###.### #.,
#........,..# #..
#.....### #.# *
#.###.##### #.# #...5.#
#.# ###5###########.####
,* * #h###.........<..#
, #@##...####...##.#
#5#.....#.........
#.#####.........###..###
* * #...............#
#..# *
######.#........###..###
#.............).... , *
#####...###...###..
##..........>..
#######.#####.


You could see Natasha, 2 crimson imps and a white imp (summoned).

Vanquished Creatures
  Natasha (D:2)
  An adder (D:2)
  2 worms (D:2)
  A dart slug (D:1)
  4 ball pythons
  6 endoplasms
  A giant cockroach (D:1)
  4 goblins (D:1)
  4 hobgoblins
  7 kobolds
  A quokka (D:2)
  2 bats (D:1)
  2 frilled lizards
  7 rats
43 creatures vanquished.

Notes
Turn   | Place    | Note
-------+----------+-------------------------------------------
     0 | D:1      | hikkokomori the Deep Dwarf Fighter began the quest for the
                  | Orb.
     0 | D:1      | Reached XP level 1. HP: 20/20 MP: 1/1
   184 | D:1      | Reached skill level 1 in Stealth
   184 | D:1      | Reached XP level 2. HP: 27/27 MP: 2/2
   281 | D:1      | Found a faded altar of an unknown god.
   285 | D:1      | Got Plato's Compendium of Feathers
   748 | D:1      | Reached XP level 3. HP: 31/34 MP: 3/3
  1166 | D:2      | Noticed Natasha
  1173 | D:2      | Killed Natasha
  1221 | D:2      | Reached XP level 4. HP: 27/42 MP: 4/4
  1300 | D:2      | Reached skill level 4 in Shields
  1391 | D:2      | Noticed Natasha
  1408 | D:2      | HP: 2/42 [Natasha (4)]
  1411 | D:2      | Killed from afar by Natasha

Illustrated notes

Levels and vault maps discovered:
D:1:      evilmike_arrival_crescent, layout_basic,
          shapermc_ecumenical_altar_rom_forum
D:2:      layout_loops_ring, basic_altar, minmay_misc_feat_cross,
          serial_park_tiny_pond, minmay_between, uniq_natasha

Skill      XL: |  1  2  3  4 |
---------------+-------------+-----
Stealth        | 1 2 |  2.2
Fighting       | 3 |  3.3
Axes           | 3 |  3.2
Shields        | 4 |  4.0
Armour         | |  3.2

Action                   |  1- 3 |  4- 6 || total
-------------------------+-------+-------++-------
Melee: War axe           |    85 |    39 ||   124
Armor: Scale mail        |    42 |    17 ||    59
Dodge: Dodged            |    35 |    18 ||    53
Block: Buckler           |    14 |     4 ||    18
